OTTAWA Senators vs NEW YORK Rangers

Created - 15 avril 2024 at 23:29

Goals
1 2 3 T
OTTAWA Senators 1 2 2 5
NEW YORK Rangers 2 1 1 4
Shots
1 2 3 T
OTTAWA Senators 10 8 14 32
NEW YORK Rangers 10 14 9 33

1st period

1. NEW YORK Rangers , Mats Zuccarello 17 (Justin Faulk 51, Chris Kreider 43) at 4:30
2. NEW YORK Rangers , Brayden Schenn 22 (Conor Garland 22, Dante Fabbro 20) at 7:10
3. OTTAWA Senators , Mikko Rantanen 42 (Connor McDavid 73) at 16:14 (PP)

Penalties :
Connor McDavid (OTT) for Roughing (Double Minor) at 7:47, Timo Meier (NYR) for Slashing (Minor) at 12:32, Brayden Schenn (NYR) for Tripping (Minor) at 15:31

2nd period

4. OTTAWA Senators , Connor McDavid 60 (J.J. Moser 27, Max Domi 30) at 2:45
5. OTTAWA Senators , Connor McDavid 61 (Cale Makar 60, Mikko Rantanen 60) at 8:20 (PP)
6. NEW YORK Rangers , Jared Spurgeon 25 (Chris Kreider 44, Jamie Benn 65) at 19:05 (PP)

Penalties :
Tyler Bertuzzi (OTT) for Roughing (Minor) at 2:47, Conor Garland (NYR) for Cross-checking (Minor) at 7:50, Brayden Schenn (NYR) for Slashing (Minor) at 13:48, Mikko Rantanen (OTT) for Delaying the game (Minor) at 18:18, Samuel Girard (OTT) for Interference (Minor) at 18:36

3rd period

7. OTTAWA Senators , Dylan Strome 30 (K'Andre Miller 61, Cale Makar 61) at 4:11 (PP)
8. NEW YORK Rangers , Conor Garland 18 (Brayden Schenn 41, Jared Spurgeon 58) at 4:25
9. OTTAWA Senators , Sean Durzi 7 (Vladimir Tarasenko 23) at 13:43

Penalties :
K'Andre Miller (OTT) for High sticking (Minor) at 0:18, Dante Fabbro (NYR) for Hooking (Minor) at 2:57, Tyler Myers (NYR) for Hooking (Minor) at 15:53, K'Andre Miller (OTT) for Tripping (Minor) at 19:39

Goalie Stats

Logan Thompson (OTT), 29 saves from 33 shots - (0,879), W, 54-23-4, 60:00 minutes
Linus Ullmark (NYR), 27 saves from 32 shots - (0,844), L, 52-22-7, 59:42 minutes

Players Stats for OTTAWA Senators

Player Name              G  A  P  +/- PIM S  H  SB GA TA FO     MP     PP MP  PK MP  
------------------------------------------------------------------------------------
Anthony Duclair          0  0  0  -1  0   2  1  0  0  0  0/0    12:21   0:00   0:41 
Ben Chiarot              0  0  0  -1  0   0  3  2  0  0  0/0    19:58   0:00   4:39 
Cale Makar               0  2  2   0  0   0  0  3  0  0  0/0    25:34   4:44   5:38 
Connor McDavid           2  1  3   0  4   6  2  0  0  0  19/43  24:28   4:26   4:46 
Dylan Strome             1  0  1   1  0   2  0  0  0  0  13/19  18:55   3:58   0:47 
Garnet Hathaway          0  0  0  -2  0   3  2  0  0  0  1/1    11:57   0:00   0:00 
J.J. Moser               0  1  1   0  0   0  2  0  0  0  0/0    12:45   0:00   1:57 
K'Andre Miller           0  1  1   0  4   4  5  4  0  0  0/0    23:57   4:44   4:02 
Max Domi                 0  1  1   0  0   2  1  0  0  0  2/5    22:31   4:26   2:53 
Mikko Rantanen           1  1  2  -1  2   5  0  0  0  0  1/2    25:33   4:26   5:39 
Nick Seeler              0  0  0   0  0   0  0  1  0  0  0/0     2:34   0:00   0:10 
Rasmus Sandin            0  0  0   0  0   1  0  0  0  0  0/0     3:40   3:40   0:00 
Ryan Johansen            0  0  0  -2  0   0  1  0  0  0  8/13   14:45   0:00   2:53 
Samuel Girard            0  0  0  -1  2   1  3  2  0  0  0/0    20:41   3:40   4:06 
Sean Durzi               1  0  1   0  0   1  6  3  0  0  0/0    10:48   0:00   0:00 
Steven Lorentz           0  0  0   0  0   0  0  0  0  0  0/0     0:00   0:00   0:00 
Tyler Bertuzzi           0  0  0   1  2   3  3  0  0  0  0/3    20:16   3:58   2:09 
Vladimir Tarasenko       0  1  1   1  0   2  0  0  0  0  0/0    18:08   3:58   0:00 

Players Stats for NEW YORK Rangers

Player Name              G  A  P  +/- PIM S  H  SB GA TA FO     MP     PP MP  PK MP  
------------------------------------------------------------------------------------
Andrew Copp              0  0  0   0  0   1  0  0  0  0  2/7    15:54   5:05   0:14 
Brayden Schenn           1  1  2   1  4   4  1  0  0  0  8/23   19:39   5:12   1:55 
Cam Fowler               0  0  0  -2  0   4  1  3  0  0  0/0    23:43   4:52   3:55 
Casey Cizikas            0  0  0   0  0   0  2  0  0  0  2/6     4:56   0:00   0:00 
Chris Kreider            0  2  2   0  0   3  0  1  0  0  2/4    24:39   5:25   5:47 
Conor Garland            1  1  2   1  2   2  1  0  0  0  0/0    12:20   0:00   0:00 
Dante Fabbro             0  1  1   1  2   0  0  2  0  0  0/0    12:20   0:00   0:00 
Jacob Middleton          0  0  0   1  0   0  1  0  0  0  0/0    13:23   0:00   1:02 
Jamie Benn               0  1  1   0  0   4  1  0  0  0  24/41  24:21   5:25   5:29 
Jared Spurgeon           1  1  2   2  0   1  0  2  0  0  0/0    24:02   5:25   4:35 
Justin Faulk             0  1  1   2  0   3  3  0  0  0  0/0    23:56   5:25   4:29 
Kasperi Kapanen          0  0  0   0  0   2  1  0  0  0  1/1    15:27   4:52   0:00 
Kirill Marchenko         0  0  0   0  0   0  1  0  0  0  1/1    10:35   0:00   0:00 
Mats Zuccarello          1  0  1   0  0   1  1  0  0  0  0/0    13:14   0:00   0:00 
Ryan Lomberg             0  0  0   0  0   0  0  0  0  0  0/0     4:56   0:00   0:00 
Timo Meier               0  0  0   1  2   3  0  0  0  0  1/1    19:10   4:52   1:58 
Tyler Myers              0  0  0  -2  2   3  0  0  0  0  0/0    22:34   4:52   2:47 
Vladislav Namestnikov    0  0  0   0  0   2  0  0  0  0  1/2     6:21   0:00   1:25 

3 Stars

1 - Connor McDavid (OTT)
2 - Sean Durzi (OTT)
3 - Jared Spurgeon (NYR)

Power Play

OTTAWA Senators - 3 on 6 Attempt(s) - 50,00%
NEW YORK Rangers - 1 on 7 Attempt(s) - 14,29%

Penalty Kill

OTTAWA Senators - 6 on 7 Attempt(s) - 85,71% - Score 0 goal in Penalty Kill
NEW YORK Rangers - 3 on 6 Attempt(s) - 50,00% - Score 0 goal in Penalty Kill

Team Stat

OTTAWA Senators - Hits : 29 - Faceoff Wins : 44 - Blocked Shots : 15 - Penalty Minutes : 14
NEW YORK Rangers - Hits : 13 - Faceoff Wins : 42 - Blocked Shots : 8 - Penalty Minutes : 12

Official

Referees : Conor O'Donnell and Pierre Lambert
Linesman : Sara Strong and Julia Kainberger

Game Notes

No Game Note

Finance

Level 1 -- Attendance: 5301 (88,35%) -- Ticket Income $530,100
Level 2 -- Attendance: 4378 (87,56%) -- Ticket Income $262,680
Level 3 -- Attendance: 2000 (100,00%) -- Ticket Income $70,000
Level 4 -- Attendance: 4000 (100,00%) -- Ticket Income $80,000
Luxury Box -- Attendance: 872 (87,20%) -- Ticket Income $174,400
Game was played at the Madison Square Garden.
Total Attendance: 16551 (91,95%)
Total Ticket Income: $1,117,180
Other Income: $279,295
Total Income: $1,396,475

OTTAWA Senators

5 vs 5 Forward 
   Center                   Left Wing                Right Wing               Time % Phy DF OF 
 1 Connor McDavid           Max Domi                 Mikko Rantanen           40     1   2  2  
 2 Dylan Strome             Tyler Bertuzzi           Vladimir Tarasenko       30     1   2  2  
 3 Ryan Johansen            Anthony Duclair          Garnet Hathaway          20     1   2  2  
 4 Ryan Johansen            Garnet Hathaway          Mikko Rantanen           10     1   2  2  

5 vs 5 Defense 
   Defense                  Defense                                           Time % Phy DF OF 
 1 Cale Makar               K'Andre Miller                                    40     1   2  2  
 2 Samuel Girard            Ben Chiarot                                       30     1   2  2  
 3 Sean Durzi               J.J. Moser                                        20     1   2  2  
 4 Nick Seeler              Ben Chiarot                                       10     1   2  2  

PowerPlay Forward 
   Center                   Left Wing                Right Wing               Time % Phy DF OF 
 1 Connor McDavid           Max Domi                 Mikko Rantanen           60     1   2  2  
 2 Dylan Strome             Tyler Bertuzzi           Vladimir Tarasenko       40     1   2  2  

PowerPlay Defense
   Defense                  Defense                                           Time % Phy DF OF 
 1 Cale Makar               K'Andre Miller                                    60     1   2  2  
 2 Samuel Girard            Rasmus Sandin                                     40     1   2  2  

Penalty Kill 4 Players Forward 
   Center                   Wing                     Time % Phy DF OF 
 1 Connor McDavid           Mikko Rantanen           60     1   2  2  
 2 Max Domi                 Tyler Bertuzzi           40     1   2  2  

Penalty Kill 4 Players Defense
   Defense                  Defense                  Time % Phy DF OF 
 1 Cale Makar               K'Andre Miller           60     1   2  2  
 2 Samuel Girard            Ben Chiarot              40     1   2  2  

Penalty Kill - 3 Players Forward 
   Forward                                           Time % Phy DF OF 
 1 Connor McDavid                                    60     1   2  2  
 2 Mikko Rantanen                                    40     1   2  2  

Penalty Kill - 3 Players Defense
   Defense                  Defense                  Time % Phy DF OF 
 1 Cale Makar               K'Andre Miller           60     1   2  2  
 2 Samuel Girard            Ben Chiarot              40     1   2  2  

4 vs 4 Forward 
   Center                   Wing                     Time % Phy DF OF 
 1 Connor McDavid           Mikko Rantanen           60     1   2  2  
 2 Dylan Strome             Tyler Bertuzzi           40     1   2  2  

4 vs 4 Defense
   Defense                  Defense                  Time % Phy DF OF 
 1 Cale Makar               K'Andre Miller           60     1   2  2  
 2 Samuel Girard            Rasmus Sandin            40     1   2  2  

Last Minutes Offensive
   Center                   Left Wing                Right Wing               Defense                  Defense                  
   Connor McDavid           Tyler Bertuzzi           Mikko Rantanen           Cale Makar               K'Andre Miller           

Last Minutes Defensive
   Center                   Left Wing                Right Wing               Defense                  Defense                  
   Connor McDavid           Garnet Hathaway          Mikko Rantanen           Cale Makar               K'Andre Miller           

Goaltenders
Starting : Logan Thompson           
Backup : Pheonix Copley           

Extra Forwards
Normal : Mikko Rantanen, Anthony Duclair, Ryan Johansen - PP : Connor McDavid, Anthony Duclair - PK : Ryan Johansen
Extra Defensemen
Normal : Sean Durzi, J.J. Moser, Nick Seeler - PP : Sean Durzi - PK : J.J. Moser, Nick Seeler
Penalty Shots
Connor McDavid, Mikko Rantanen, Max Domi, Dylan Strome, Tyler Bertuzzi

Scratches
Boris Katchouk (Healthy), Filip Zadina (Healthy), Rasmus Asplund (Healthy)

NEW YORK Rangers

5 vs 5 Forward 
   Center                   Left Wing                Right Wing               Time % Phy DF OF 
 1 Jamie Benn               Chris Kreider            Mats Zuccarello          40     1   2  2  
 2 Brayden Schenn           Timo Meier               Conor Garland            30     1   2  2  
 3 Andrew Copp              Kasperi Kapanen          Kirill Marchenko         20     1   3  1  
 4 Casey Cizikas            Ryan Lomberg             Vladislav Namestnikov    10     3   2  0  

5 vs 5 Defense 
   Defense                  Defense                                           Time % Phy DF OF 
 1 Jared Spurgeon           Justin Faulk                                      40     0   3  2  
 2 Cam Fowler               Tyler Myers                                       33     1   3  1  
 3 Jacob Middleton          Dante Fabbro                                      26     2   2  1  
 4 Jared Spurgeon           Justin Faulk                                      1      1   2  2  

PowerPlay Forward 
   Center                   Left Wing                Right Wing               Time % Phy DF OF 
 1 Jamie Benn               Chris Kreider            Andrew Copp              60     1   2  2  
 2 Brayden Schenn           Timo Meier               Kasperi Kapanen          40     1   2  2  

PowerPlay Defense
   Defense                  Defense                                           Time % Phy DF OF 
 1 Jared Spurgeon           Justin Faulk                                      60     1   2  2  
 2 Cam Fowler               Tyler Myers                                       40     1   2  2  

Penalty Kill 4 Players Forward 
   Center                   Wing                     Time % Phy DF OF 
 1 Jamie Benn               Chris Kreider            60     1   2  2  
 2 Brayden Schenn           Timo Meier               40     1   2  2  

Penalty Kill 4 Players Defense
   Defense                  Defense                  Time % Phy DF OF 
 1 Jared Spurgeon           Justin Faulk             60     1   2  2  
 2 Cam Fowler               Tyler Myers              40     1   2  2  

Penalty Kill - 3 Players Forward 
   Forward                                           Time % Phy DF OF 
 1 Jamie Benn                                        60     1   2  2  
 2 Brayden Schenn                                    40     1   2  2  

Penalty Kill - 3 Players Defense
   Defense                  Defense                  Time % Phy DF OF 
 1 Jared Spurgeon           Justin Faulk             60     1   2  2  
 2 Cam Fowler               Tyler Myers              40     1   2  2  

4 vs 4 Forward 
   Center                   Wing                     Time % Phy DF OF 
 1 Jamie Benn               Chris Kreider            60     1   2  2  
 2 Brayden Schenn           Timo Meier               40     1   2  2  

4 vs 4 Defense
   Defense                  Defense                  Time % Phy DF OF 
 1 Jared Spurgeon           Justin Faulk             60     1   2  2  
 2 Cam Fowler               Tyler Myers              40     1   2  2  

Last Minutes Offensive
   Center                   Left Wing                Right Wing               Defense                  Defense                  
   Jamie Benn               Chris Kreider            Andrew Copp              Jared Spurgeon           Justin Faulk             

Last Minutes Defensive
   Center                   Left Wing                Right Wing               Defense                  Defense                  
   Jamie Benn               Chris Kreider            Andrew Copp              Jared Spurgeon           Justin Faulk             

Goaltenders
Starting : Linus Ullmark            
Backup : Joonas Korpisalo         

Extra Forwards
Normal : Brayden Schenn, Andrew Copp, Conor Garland - PP : Brayden Schenn, Andrew Copp - PK : Brayden Schenn
Extra Defensemen
Normal : Tyler Myers, Jacob Middleton, Dante Fabbro - PP : Tyler Myers - PK : Tyler Myers, Jacob Middleton
Penalty Shots
Jamie Benn, Chris Kreider, Timo Meier, Mats Zuccarello, Brayden Schenn

Scratches
Mason Shaw (Healthy), Eric Comrie (Healthy)

% Time on Ice - OTTAWA Senators

Lines # - Real PCT - Wanted PCT - Time Play
Normal Forward
1 - 37% - 40% - 15:12
2 - 34% - 30% - 14:10
3 - 27% - 20% - 10:56
4 - 2% - 10% - 0:56
Normal Defense
1 - 37% - 40% - 15:07
2 - 31% - 30% - 12:55
3 - 26% - 20% - 10:48
4 - 6% - 10% - 2:24
PP Forward
1 - 53% - 60% - 4:26
2 - 47% - 40% - 3:58
PP Defense
1 - 56% - 60% - 4:44
2 - 44% - 40% - 3:40
PK Forward
1 - 70% - 60% - 6:38
2 - 30% - 40% - 2:53
PK Defense
1 - 54% - 60% - 5:06
2 - 46% - 40% - 4:25
PK3 Forward
1 - 100% - 60% - 0:46
2 - 0% - 40% - 0:00
PK3 Defense
1 - 70% - 60% - 0:32
2 - 30% - 40% - 0:14
44 Forward
1 - 0% - 60%
2 - 0% - 40%
44 Defense
1 - 0% - 60%
2 - 0% - 40%
Last Minute Offensive  - 0:00
Last Minute Defensive  - 0:05
Total
Forward - 60:00
Defense - 60:00

% Time on Ice - NEW YORK Rangers

Lines # - Real PCT - Wanted PCT - Time Play
Normal Forward
1 - 32% - 40% - 13:14
2 - 30% - 30% - 12:21
3 - 26% - 20% - 10:35
4 - 12% - 10% - 4:56
Normal Defense
1 - 34% - 40% - 13:49
2 - 36% - 33% - 14:56
3 - 30% - 26% - 12:21
4 - 0% - 1% - 0:00
PP Forward
1 - 53% - 60% - 5:25
2 - 47% - 40% - 4:52
PP Defense
1 - 53% - 60% - 5:25
2 - 47% - 40% - 4:52
PK Forward
1 - 71% - 60% - 5:57
2 - 29% - 40% - 2:27
PK Defense
1 - 53% - 60% - 4:29
2 - 47% - 40% - 3:55
PK3 Forward
1 - 0% - 60%
2 - 0% - 40%
PK3 Defense
1 - 0% - 60%
2 - 0% - 40%
44 Forward
1 - 0% - 60%
2 - 0% - 40%
44 Defense
1 - 0% - 60%
2 - 0% - 40%
Last Minute Offensive  - 0:13
Last Minute Defensive  - 0:00
Total
Forward - 60:00
Defense - 60:00

Play-by-Play

1st period


0:01 of 1st period - Connor McDavid wins face-off versus Jamie Benn in neutral zone.
0:21 of 1st period - Shot by Mikko Rantanen.
0:21 of 1st period - Stopped by Linus Ullmark without a rebound.
0:22 of 1st period - Brayden Schenn wins face-off versus Dylan Strome in NEW YORK Rangers zone.
0:51 of 1st period - Shot by Tyler Bertuzzi.
0:51 of 1st period - Shot Blocked by Cam Fowler.
1:49 of 1st period - Andrew Copp is hit by Sean Durzi.
1:58 of 1st period - Icing by Jacob Middleton.
1:59 of 1st period - Connor McDavid wins face-off versus Andrew Copp in NEW YORK Rangers zone.
2:06 of 1st period - Kasperi Kapanen is hit by Max Domi and loses puck.
2:15 of 1st period - Shot by Connor McDavid.
2:15 of 1st period - Stopped by Linus Ullmark without a rebound.
2:16 of 1st period - Dylan Strome wins face-off versus Jamie Benn in NEW YORK Rangers zone.
2:25 of 1st period - Shot by Justin Faulk.
2:25 of 1st period - Shot Misses the Net.
2:41 of 1st period - Shot by Chris Kreider.
2:41 of 1st period - Shot Misses the Net.
2:55 of 1st period - Shot by Jamie Benn.
2:55 of 1st period - Stopped by Logan Thompson without a rebound.
2:56 of 1st period - Connor McDavid wins face-off versus Casey Cizikas in OTTAWA Senators zone.
2:56 of 1st period - Connor McDavid is hit by Casey Cizikas.
3:14 of 1st period - Shot by Connor McDavid.
3:14 of 1st period - Shot Blocked by Cam Fowler.
3:16 of 1st period - Shot by Cale Makar.
3:16 of 1st period - Shot Misses the Net.
3:18 of 1st period - Shot by Connor McDavid.
3:18 of 1st period - Stopped by Linus Ullmark without a rebound.
3:19 of 1st period - Ryan Johansen wins face-off versus Brayden Schenn in NEW YORK Rangers zone.
4:00 of 1st period - Shot by Conor Garland.
4:00 of 1st period - Shot Blocked by Sean Durzi.
4:30 of 1st period - Shot by Mats Zuccarello.
4:30 of 1st period - Goal by Mats Zuccarello - OTTAWA Senators : 0 - NEW YORK Rangers : 1.
4:31 of 1st period - Casey Cizikas wins face-off versus Connor McDavid in neutral zone.
4:57 of 1st period - Off-side.
4:58 of 1st period - Dylan Strome wins face-off versus Jamie Benn in neutral zone.
5:07 of 1st period - Icing by Jared Spurgeon.
5:08 of 1st period - Jamie Benn wins face-off versus Tyler Bertuzzi in NEW YORK Rangers zone.
6:42 of 1st period - Shot by Andrew Copp.
6:42 of 1st period - Stopped by Logan Thompson without a rebound.
6:43 of 1st period - Ryan Johansen wins face-off versus Brayden Schenn in OTTAWA Senators zone.
7:08 of 1st period - Shot by Brayden Schenn.
7:08 of 1st period - Shot Misses the Net.
7:10 of 1st period - Shot by Brayden Schenn.
7:10 of 1st period - Goal by Brayden Schenn - OTTAWA Senators : 0 - NEW YORK Rangers : 2.
7:11 of 1st period - Casey Cizikas wins face-off versus Tyler Bertuzzi in neutral zone.
7:16 of 1st period - Shot by Vladislav Namestnikov.
7:16 of 1st period - Stopped by Logan Thompson without a rebound.
7:17 of 1st period - Connor McDavid wins face-off versus Jamie Benn in OTTAWA Senators zone.
7:32 of 1st period - Shot by Mikko Rantanen.
7:32 of 1st period - Stopped by Linus Ullmark with a rebound.
7:47 of 1st period - Double Minor Penalty to Connor McDavid for Roughing.
7:48 of 1st period - Brayden Schenn wins face-off versus Ryan Johansen in OTTAWA Senators zone.
7:48 of 1st period - Brayden Schenn is hit by Ben Chiarot.
8:01 of 1st period - Brayden Schenn is hit by Samuel Girard and loses puck.
8:18 of 1st period - Shot by Kasperi Kapanen.
8:18 of 1st period - Shot Misses the Net.
8:20 of 1st period - Shot by Cam Fowler.
8:20 of 1st period - Stopped by Logan Thompson without a rebound.
8:21 of 1st period - Mikko Rantanen wins face-off versus Jamie Benn in OTTAWA Senators zone.
8:52 of 1st period - Icing by Justin Faulk.
8:53 of 1st period - Jamie Benn wins face-off versus Max Domi in NEW YORK Rangers zone.
9:14 of 1st period - Shot by Chris Kreider.
9:14 of 1st period - Stopped by Logan Thompson without a rebound.
9:15 of 1st period - Brayden Schenn wins face-off versus Ryan Johansen in OTTAWA Senators zone.
9:41 of 1st period - Cam Fowler is hit by Ryan Johansen and loses puck.
9:45 of 1st period - Off-side.
9:46 of 1st period - Jamie Benn wins face-off versus Ryan Johansen in neutral zone.
11:26 of 1st period - Shot by Mikko Rantanen.
11:26 of 1st period - Stopped by Linus Ullmark without a rebound.
11:27 of 1st period - Max Domi wins face-off versus Jamie Benn in NEW YORK Rangers zone.
11:47 of 1st period - Shot by Jamie Benn.
11:47 of 1st period - Stopped by Logan Thompson without a rebound.
11:48 of 1st period - Ryan Johansen wins face-off versus Casey Cizikas in OTTAWA Senators zone.
12:03 of 1st period - Shot by Vladislav Namestnikov.
12:03 of 1st period - Stopped by Logan Thompson without a rebound.
12:04 of 1st period - Jamie Benn wins face-off versus Mikko Rantanen in OTTAWA Senators zone.
12:13 of 1st period - Shot by Chris Kreider.
12:13 of 1st period - Stopped by Logan Thompson without a rebound.
12:14 of 1st period - Connor McDavid wins face-off versus Brayden Schenn in OTTAWA Senators zone.
12:32 of 1st period - Minor Penalty to Timo Meier for Slashing.
12:33 of 1st period - Chris Kreider wins face-off versus Dylan Strome in NEW YORK Rangers zone.
14:05 of 1st period - Shot by Mikko Rantanen.
14:05 of 1st period - Shot Misses the Net.
14:07 of 1st period - Shot by Cale Makar.
14:07 of 1st period - Shot Misses the Net.
14:09 of 1st period - Shot by K'Andre Miller.
14:09 of 1st period - Stopped by Linus Ullmark without a rebound.
14:10 of 1st period - Dylan Strome wins face-off versus Jamie Benn in NEW YORK Rangers zone.
14:27 of 1st period - Shot by Vladimir Tarasenko.
14:27 of 1st period - Stopped by Linus Ullmark without a rebound.
14:28 of 1st period - Connor McDavid wins face-off versus Jamie Benn in NEW YORK Rangers zone.
14:31 of 1st period - Shot by K'Andre Miller.
14:31 of 1st period - Stopped by Linus Ullmark without a rebound.
14:32 of 1st period - Andrew Copp wins face-off versus Ryan Johansen in NEW YORK Rangers zone.
14:40 of 1st period - Icing by Ben Chiarot.
14:41 of 1st period - Ryan Johansen wins face-off versus Brayden Schenn in OTTAWA Senators zone.
14:48 of 1st period - Shot by Garnet Hathaway.
14:48 of 1st period - Stopped by Linus Ullmark without a rebound.
14:49 of 1st period - Connor McDavid wins face-off versus Brayden Schenn in NEW YORK Rangers zone.
14:49 of 1st period - K'Andre Miller is hit by Justin Faulk.
15:04 of 1st period - Brayden Schenn is hit by K'Andre Miller and loses puck.
15:15 of 1st period - Justin Faulk is hit by Connor McDavid and loses puck.
15:31 of 1st period - Minor Penalty to Brayden Schenn for Tripping.
15:32 of 1st period - Dylan Strome wins face-off versus Chris Kreider in NEW YORK Rangers zone.
16:10 of 1st period - Off-side.
16:11 of 1st period - Connor McDavid wins face-off versus Vladislav Namestnikov in neutral zone.
16:14 of 1st period - Shot by Mikko Rantanen.
16:14 of 1st period - Goal by Mikko Rantanen - OTTAWA Senators : 1 - NEW YORK Rangers : 2.
16:15 of 1st period - Connor McDavid wins face-off versus Andrew Copp in neutral zone.
16:32 of 1st period - K'Andre Miller is hit by Kasperi Kapanen and loses puck.
16:38 of 1st period - Kasperi Kapanen is hit by K'Andre Miller.
16:45 of 1st period - Andrew Copp is hit by K'Andre Miller and loses puck.
17:15 of 1st period - Jacob Middleton is hit by Tyler Bertuzzi and loses puck.
18:23 of 1st period - Icing by Cam Fowler.
18:24 of 1st period - Jamie Benn wins face-off versus Connor McDavid in NEW YORK Rangers zone.
19:37 of 1st period - Shot by Casey Cizikas.
19:37 of 1st period - Shot Blocked by K'Andre Miller.
Goals for this period are 1 for OTTAWA Senators vs 2 for NEW YORK Rangers.
Shots for this period are 10 for OTTAWA Senators vs 10 for NEW YORK Rangers.

2nd period


0:01 of 2nd period - Dylan Strome wins face-off versus Jamie Benn in neutral zone.
0:08 of 2nd period - Shot by Tyler Bertuzzi.
0:08 of 2nd period - Shot Misses the Net.
0:39 of 2nd period - Shot by Jamie Benn.
0:39 of 2nd period - Shot Misses the Net.
0:59 of 2nd period - Shot by Cam Fowler.
0:59 of 2nd period - Shot Blocked by Ben Chiarot.
1:01 of 2nd period - Shot by Cam Fowler.
1:01 of 2nd period - Shot Blocked by Samuel Girard.
1:03 of 2nd period - Shot by Brayden Schenn.
1:03 of 2nd period - Shot Misses the Net.
1:05 of 2nd period - Shot by Timo Meier.
1:05 of 2nd period - Stopped by Logan Thompson without a rebound.
1:06 of 2nd period - Garnet Hathaway wins face-off versus Andrew Copp in OTTAWA Senators zone.
1:06 of 2nd period - Garnet Hathaway is hit by Kirill Marchenko.
1:24 of 2nd period - Jacob Middleton is hit by Garnet Hathaway and loses puck.
2:14 of 2nd period - Timo Meier is hit by Sean Durzi and loses puck.
2:45 of 2nd period - Shot by Connor McDavid.
2:45 of 2nd period - Goal by Connor McDavid - OTTAWA Senators : 2 - NEW YORK Rangers : 2.
2:46 of 2nd period - Jamie Benn wins face-off versus Dylan Strome in neutral zone.
2:46 of 2nd period - Justin Faulk is hit by Tyler Bertuzzi and loses puck.
2:47 of 2nd period - Minor Penalty to Tyler Bertuzzi for Roughing.
2:48 of 2nd period - Connor McDavid wins face-off versus Jamie Benn in OTTAWA Senators zone.
2:48 of 2nd period - Connor McDavid is hit by Jamie Benn.
3:56 of 2nd period - Shot by Cam Fowler.
3:56 of 2nd period - Stopped by Logan Thompson without a rebound.
3:57 of 2nd period - Max Domi wins face-off versus Brayden Schenn in OTTAWA Senators zone.
4:12 of 2nd period - Shot by Cam Fowler.
4:12 of 2nd period - Stopped by Logan Thompson without a rebound.
4:13 of 2nd period - Jamie Benn wins face-off versus Max Domi in OTTAWA Senators zone.
4:22 of 2nd period - Shot by Justin Faulk.
4:22 of 2nd period - Stopped by Logan Thompson without a rebound.
4:23 of 2nd period - Brayden Schenn wins face-off versus Connor McDavid in OTTAWA Senators zone.
5:10 of 2nd period - Shot by Dylan Strome.
5:10 of 2nd period - Shot Blocked by Jared Spurgeon.
5:12 of 2nd period - Shot by Tyler Bertuzzi.
5:12 of 2nd period - Stopped by Linus Ullmark without a rebound.
5:13 of 2nd period - Ryan Johansen wins face-off versus Jamie Benn in NEW YORK Rangers zone.
5:40 of 2nd period - Shot by Ryan Johansen.
5:40 of 2nd period - Shot Blocked by Dante Fabbro.
5:44 of 2nd period - Shot by Garnet Hathaway.
5:44 of 2nd period - Stopped by Linus Ullmark without a rebound.
5:45 of 2nd period - Brayden Schenn wins face-off versus Connor McDavid in NEW YORK Rangers zone.
6:18 of 2nd period - Shot by Timo Meier.
6:18 of 2nd period - Stopped by Logan Thompson with a rebound.
6:20 of 2nd period - Shot by Brayden Schenn.
6:20 of 2nd period - Shot Misses the Net.
6:22 of 2nd period - Shot by Conor Garland.
6:22 of 2nd period - Stopped by Logan Thompson without a rebound.
6:23 of 2nd period - Dylan Strome wins face-off versus Jamie Benn in OTTAWA Senators zone.
7:01 of 2nd period - Jamie Benn is hit by Ben Chiarot and loses puck.
7:13 of 2nd period - Samuel Girard is hit by Mats Zuccarello and loses puck.
7:44 of 2nd period - Shot by Kasperi Kapanen.
7:44 of 2nd period - Stopped by Logan Thompson without a rebound.
7:45 of 2nd period - Connor McDavid wins face-off versus Brayden Schenn in OTTAWA Senators zone.
7:45 of 2nd period - Cale Makar is hit by Brayden Schenn.
7:49 of 2nd period - Connor McDavid is hit by Conor Garland and loses puck.
7:50 of 2nd period - Minor Penalty to Conor Garland for Cross-checking.
7:51 of 2nd period - Jamie Benn wins face-off versus Connor McDavid in NEW YORK Rangers zone.
8:20 of 2nd period - Shot by Connor McDavid.
8:20 of 2nd period - Goal by Connor McDavid - OTTAWA Senators : 3 - NEW YORK Rangers : 2.
8:21 of 2nd period - Andrew Copp wins face-off versus Ryan Johansen in neutral zone.
8:39 of 2nd period - Shot by Tyler Myers.
8:39 of 2nd period - Stopped by Logan Thompson without a rebound.
8:40 of 2nd period - Connor McDavid wins face-off versus Chris Kreider in OTTAWA Senators zone.
9:03 of 2nd period - Shot by Mikko Rantanen.
9:03 of 2nd period - Stopped by Linus Ullmark without a rebound.
9:04 of 2nd period - Dylan Strome wins face-off versus Brayden Schenn in NEW YORK Rangers zone.
9:07 of 2nd period - Shot by Tyler Bertuzzi.
9:07 of 2nd period - Shot Misses the Net.
9:42 of 2nd period - Icing by Samuel Girard.
9:43 of 2nd period - Dylan Strome wins face-off versus Jamie Benn in OTTAWA Senators zone.
9:49 of 2nd period - Off-side.
9:50 of 2nd period - Jamie Benn wins face-off versus Connor McDavid in neutral zone.
9:59 of 2nd period - Shot by Mats Zuccarello.
9:59 of 2nd period - Deflect By Jamie Benn.
9:59 of 2nd period - Shot Misses the Net.
10:55 of 2nd period - Icing by Chris Kreider.
10:56 of 2nd period - Dylan Strome wins face-off versus Jamie Benn in NEW YORK Rangers zone.
11:28 of 2nd period - Tyler Myers is hit by Tyler Bertuzzi and loses puck.
12:04 of 2nd period - Conor Garland is hit by Garnet Hathaway.
12:10 of 2nd period - Shot by Garnet Hathaway.
12:10 of 2nd period - Shot Misses the Net.
12:12 of 2nd period - Shot by Anthony Duclair.
12:12 of 2nd period - Stopped by Linus Ullmark without a rebound.
12:13 of 2nd period - Connor McDavid wins face-off versus Andrew Copp in NEW YORK Rangers zone.
12:15 of 2nd period - Mikko Rantanen is hit by Jacob Middleton and loses puck.
12:37 of 2nd period - Shot by Kirill Marchenko.
12:37 of 2nd period - Shot Misses the Net.
12:39 of 2nd period - Shot by Andrew Copp.
12:39 of 2nd period - Shot Blocked by Cale Makar.
12:41 of 2nd period - Shot by Kasperi Kapanen.
12:41 of 2nd period - Stopped by Logan Thompson with a rebound.
13:48 of 2nd period - Minor Penalty to Brayden Schenn for Slashing.
13:49 of 2nd period - Dylan Strome wins face-off versus Jamie Benn in NEW YORK Rangers zone.
13:56 of 2nd period - Shot by Dylan Strome.
13:56 of 2nd period - Shot Blocked by Jared Spurgeon.
14:02 of 2nd period - Shot by Vladimir Tarasenko.
14:02 of 2nd period - Shot Misses the Net.
14:10 of 2nd period - Shot by Dylan Strome.
14:10 of 2nd period - Stopped by Linus Ullmark without a rebound.
14:11 of 2nd period - Vladislav Namestnikov wins face-off versus Connor McDavid in NEW YORK Rangers zone.
14:42 of 2nd period - Shot by K'Andre Miller.
14:42 of 2nd period - Stopped by Linus Ullmark without a rebound.
14:43 of 2nd period - Chris Kreider wins face-off versus Dylan Strome in NEW YORK Rangers zone.
16:05 of 2nd period - Shot by Andrew Copp.
16:05 of 2nd period - Shot Blocked by Ben Chiarot.
16:38 of 2nd period - Icing by Jacob Middleton.
16:39 of 2nd period - Kasperi Kapanen wins face-off versus Connor McDavid in NEW YORK Rangers zone.
17:03 of 2nd period - Icing by Cam Fowler.
17:04 of 2nd period - Dylan Strome wins face-off versus Brayden Schenn in NEW YORK Rangers zone.
17:12 of 2nd period - Timo Meier is hit by J.J. Moser and loses puck.
17:20 of 2nd period - Brayden Schenn is hit by Sean Durzi and loses puck.
17:24 of 2nd period - Timo Meier is hit by Sean Durzi and loses puck.
17:35 of 2nd period - Shot by Brayden Schenn.
17:35 of 2nd period - Shot Blocked by Sean Durzi.
18:18 of 2nd period - Minor Penalty to Mikko Rantanen for Delaying the game.
18:19 of 2nd period - Jamie Benn wins face-off versus Connor McDavid in OTTAWA Senators zone.
18:19 of 2nd period - Jamie Benn is hit by Samuel Girard.
18:36 of 2nd period - Minor Penalty to Samuel Girard for Interference.
18:37 of 2nd period - Connor McDavid wins face-off versus Brayden Schenn in OTTAWA Senators zone.
18:47 of 2nd period - Off-side.
18:48 of 2nd period - Connor McDavid wins face-off versus Brayden Schenn in neutral zone.
19:01 of 2nd period - Shot by Tyler Myers.
19:01 of 2nd period - Stopped by Logan Thompson without a rebound.
19:02 of 2nd period - Jamie Benn wins face-off versus Connor McDavid in OTTAWA Senators zone.
19:03 of 2nd period - Shot by Chris Kreider.
19:03 of 2nd period - Shot Misses the Net.
19:05 of 2nd period - Shot by Jared Spurgeon.
19:05 of 2nd period - Goal by Jared Spurgeon - OTTAWA Senators : 3 - NEW YORK Rangers : 3.
19:06 of 2nd period - Jamie Benn wins face-off versus Connor McDavid in neutral zone.
19:11 of 2nd period - Shot by Andrew Copp.
19:11 of 2nd period - Deflect By Chris Kreider.
19:11 of 2nd period - Stopped by Logan Thompson without a rebound.
19:12 of 2nd period - Jamie Benn wins face-off versus Connor McDavid in OTTAWA Senators zone.
19:13 of 2nd period - Shot by Justin Faulk.
19:13 of 2nd period - Stopped by Logan Thompson without a rebound.
19:14 of 2nd period - Jamie Benn wins face-off versus Connor McDavid in OTTAWA Senators zone.
19:17 of 2nd period - Shot by Justin Faulk.
19:17 of 2nd period - Shot Blocked by K'Andre Miller.
19:19 of 2nd period - Shot by Jamie Benn.
19:19 of 2nd period - Shot Misses the Net.
19:21 of 2nd period - Shot by Jared Spurgeon.
19:21 of 2nd period - Shot Blocked by K'Andre Miller.
19:32 of 2nd period - Chris Kreider is hit by K'Andre Miller and loses puck.
19:37 of 2nd period - Shot by Justin Faulk.
19:37 of 2nd period - Stopped by Logan Thompson without a rebound.
19:38 of 2nd period - Connor McDavid wins face-off versus Brayden Schenn in OTTAWA Senators zone.
Goals for this period are 2 for OTTAWA Senators vs 1 for NEW YORK Rangers.
Shots for this period are 8 for OTTAWA Senators vs 14 for NEW YORK Rangers.

3rd period


0:01 of 3rd period - Jamie Benn wins face-off versus Connor McDavid in neutral zone.
0:12 of 3rd period - Shot by Jamie Benn.
0:12 of 3rd period - Shot Blocked by Cale Makar.
0:14 of 3rd period - Shot by Jared Spurgeon.
0:14 of 3rd period - Shot Misses the Net.
0:18 of 3rd period - Shot by Jamie Benn.
0:18 of 3rd period - Stopped by Logan Thompson without a rebound.
0:18 of 3rd period - Minor Penalty to K'Andre Miller for High sticking.
0:19 of 3rd period - Connor McDavid wins face-off versus Brayden Schenn in OTTAWA Senators zone.
0:30 of 3rd period - Shot by Cam Fowler.
0:30 of 3rd period - Shot Misses the Net.
0:32 of 3rd period - Shot by Brayden Schenn.
0:32 of 3rd period - Shot Misses the Net.
0:34 of 3rd period - Shot by Tyler Myers.
0:34 of 3rd period - Stopped by Logan Thompson without a rebound.
0:35 of 3rd period - Jamie Benn wins face-off versus Connor McDavid in OTTAWA Senators zone.
1:18 of 3rd period - Shot by Jamie Benn.
1:18 of 3rd period - Shot Blocked by Cale Makar.
1:44 of 3rd period - Shot by Kasperi Kapanen.
1:44 of 3rd period - Shot Blocked by Nick Seeler.
1:46 of 3rd period - Shot by Brayden Schenn.
1:46 of 3rd period - Stopped by Logan Thompson without a rebound.
1:47 of 3rd period - Brayden Schenn wins face-off versus Connor McDavid in OTTAWA Senators zone.
1:47 of 3rd period - Brayden Schenn is hit by Ben Chiarot.
1:55 of 3rd period - Shot by Tyler Myers.
1:55 of 3rd period - Shot Blocked by Samuel Girard.
1:57 of 3rd period - Shot by Cam Fowler.
1:57 of 3rd period - Stopped by Logan Thompson without a rebound.
1:58 of 3rd period - Brayden Schenn wins face-off versus Max Domi in OTTAWA Senators zone.
2:27 of 3rd period - Shot by Timo Meier.
2:27 of 3rd period - Stopped by Logan Thompson with a rebound.
2:46 of 3rd period - Shot by Garnet Hathaway.
2:46 of 3rd period - Stopped by Linus Ullmark with a rebound.
2:57 of 3rd period - Minor Penalty to Dante Fabbro for Hooking.
2:58 of 3rd period - Jamie Benn wins face-off versus Connor McDavid in NEW YORK Rangers zone.
2:58 of 3rd period - Jamie Benn is hit by Connor McDavid.
3:07 of 3rd period - Icing by K'Andre Miller.
3:08 of 3rd period - Jamie Benn wins face-off versus Connor McDavid in OTTAWA Senators zone.
3:38 of 3rd period - Shot by Cale Makar.
3:38 of 3rd period - Shot Blocked by Chris Kreider.
3:40 of 3rd period - Shot by Max Domi.
3:40 of 3rd period - Stopped by Linus Ullmark without a rebound.
3:41 of 3rd period - Jamie Benn wins face-off versus Dylan Strome in NEW YORK Rangers zone.
3:49 of 3rd period - Shot by Samuel Girard.
3:49 of 3rd period - Shot Misses the Net.
3:51 of 3rd period - Shot by Samuel Girard.
3:51 of 3rd period - Shot Misses the Net.
3:53 of 3rd period - Shot by Tyler Bertuzzi.
3:53 of 3rd period - Stopped by Linus Ullmark without a rebound.
3:54 of 3rd period - Jamie Benn wins face-off versus Dylan Strome in NEW YORK Rangers zone.
4:02 of 3rd period - K'Andre Miller is hit by Cam Fowler and loses puck.
4:11 of 3rd period - Shot by Dylan Strome.
4:11 of 3rd period - Goal by Dylan Strome - OTTAWA Senators : 4 - NEW YORK Rangers : 3.
4:12 of 3rd period - Brayden Schenn wins face-off versus Connor McDavid in neutral zone.
4:15 of 3rd period - Shot by Justin Faulk.
4:15 of 3rd period - Shot Misses the Net.
4:17 of 3rd period - Shot by Brayden Schenn.
4:17 of 3rd period - Stopped by Logan Thompson with a rebound.
4:19 of 3rd period - Shot by Jared Spurgeon.
4:19 of 3rd period - Shot Misses the Net.
4:21 of 3rd period - Shot by Brayden Schenn.
4:21 of 3rd period - Stopped by Logan Thompson with a rebound.
4:23 of 3rd period - Shot by Conor Garland.
4:23 of 3rd period - Shot Misses the Net.
4:25 of 3rd period - Shot by Conor Garland.
4:25 of 3rd period - Goal by Conor Garland - OTTAWA Senators : 4 - NEW YORK Rangers : 4.
4:26 of 3rd period - Dylan Strome wins face-off versus Andrew Copp in neutral zone.
4:33 of 3rd period - Shot by Vladimir Tarasenko.
4:33 of 3rd period - Shot Hit the Post.
4:39 of 3rd period - Shot by Vladimir Tarasenko.
4:39 of 3rd period - Stopped by Linus Ullmark with a rebound.
4:41 of 3rd period - Shot by Tyler Bertuzzi.
4:41 of 3rd period - Stopped by Linus Ullmark with a rebound.
5:23 of 3rd period - Off-side.
5:24 of 3rd period - Jamie Benn wins face-off versus Connor McDavid in neutral zone.
5:34 of 3rd period - Chris Kreider is hit by Samuel Girard.
6:45 of 3rd period - Icing by Sean Durzi.
6:46 of 3rd period - Ryan Johansen wins face-off versus Casey Cizikas in OTTAWA Senators zone.
6:51 of 3rd period - Casey Cizikas is hit by Anthony Duclair and loses puck.
7:11 of 3rd period - Sean Durzi is hit by Casey Cizikas and loses puck.
7:59 of 3rd period - K'Andre Miller is hit by Justin Faulk.
8:34 of 3rd period - Shot by Jamie Benn.
8:34 of 3rd period - Stopped by Logan Thompson without a rebound.
8:35 of 3rd period - Ryan Johansen wins face-off versus Brayden Schenn in OTTAWA Senators zone.
9:22 of 3rd period - Off-side.
9:23 of 3rd period - Kirill Marchenko wins face-off versus Connor McDavid in neutral zone.
9:37 of 3rd period - Andrew Copp is hit by K'Andre Miller and loses puck.
9:40 of 3rd period - Shot by Kasperi Kapanen.
9:40 of 3rd period - Shot Misses the Net.
10:07 of 3rd period - Shot by Cam Fowler.
10:07 of 3rd period - Shot Blocked by K'Andre Miller.
10:56 of 3rd period - Icing by Sean Durzi.
10:57 of 3rd period - Timo Meier wins face-off versus Tyler Bertuzzi in OTTAWA Senators zone.
11:03 of 3rd period - Conor Garland is hit by Sean Durzi and loses puck.
11:43 of 3rd period - Shot by Ben Chiarot.
11:43 of 3rd period - Shot Blocked by Dante Fabbro.
11:45 of 3rd period - Shot by Garnet Hathaway.
11:45 of 3rd period - Shot Misses the Net.
13:03 of 3rd period - Icing by K'Andre Miller.
13:04 of 3rd period - Jamie Benn wins face-off versus Connor McDavid in OTTAWA Senators zone.
13:41 of 3rd period - Shot by Vladimir Tarasenko.
13:41 of 3rd period - Shot Hit the Post.
13:43 of 3rd period - Shot by Sean Durzi.
13:43 of 3rd period - Goal by Sean Durzi - OTTAWA Senators : 5 - NEW YORK Rangers : 4.
13:44 of 3rd period - Ryan Johansen wins face-off versus Casey Cizikas in neutral zone.
14:27 of 3rd period - Shot by Anthony Duclair.
14:27 of 3rd period - Stopped by Linus Ullmark with a rebound.
14:50 of 3rd period - Shot by Conor Garland.
14:50 of 3rd period - Shot Misses the Net.
14:56 of 3rd period - Shot by Brayden Schenn.
14:56 of 3rd period - Deflect By Conor Garland.
14:56 of 3rd period - Shot Blocked by Sean Durzi.
14:58 of 3rd period - Shot by Jared Spurgeon.
14:58 of 3rd period - Shot Misses the Net.
15:03 of 3rd period - Timo Meier is hit by Sean Durzi and loses puck.
15:53 of 3rd period - Shot by Connor McDavid.
15:53 of 3rd period - Stopped by Linus Ullmark without a rebound.
15:53 of 3rd period - Minor Penalty to Tyler Myers for Hooking.
15:54 of 3rd period - Connor McDavid wins face-off versus Jamie Benn in NEW YORK Rangers zone.
16:25 of 3rd period - Shot by Connor McDavid.
16:25 of 3rd period - Shot Blocked by Cam Fowler.
16:27 of 3rd period - Shot by Connor McDavid.
16:27 of 3rd period - Stopped by Linus Ullmark with a rebound.
16:29 of 3rd period - Shot by K'Andre Miller.
16:29 of 3rd period - Shot Misses the Net.
16:31 of 3rd period - Shot by K'Andre Miller.
16:31 of 3rd period - Stopped by Linus Ullmark without a rebound.
16:32 of 3rd period - Dylan Strome wins face-off versus Brayden Schenn in NEW YORK Rangers zone.
16:57 of 3rd period - Shot by Rasmus Sandin.
16:57 of 3rd period - Stopped by Linus Ullmark without a rebound.
16:58 of 3rd period - Connor McDavid wins face-off versus Jamie Benn in NEW YORK Rangers zone.
17:03 of 3rd period - Shot by Max Domi.
17:03 of 3rd period - Stopped by Linus Ullmark without a rebound.
17:04 of 3rd period - Jamie Benn wins face-off versus Connor McDavid in NEW YORK Rangers zone.
17:32 of 3rd period - K'Andre Miller is hit by Justin Faulk and loses puck.
18:14 of 3rd period - Shot by Ryan Johansen.
18:14 of 3rd period - Shot Misses the Net.
19:10 of 3rd period - Shot by Samuel Girard.
19:10 of 3rd period - Stopped by Linus Ullmark with a rebound.
19:39 of 3rd period - Minor Penalty to K'Andre Miller for Tripping.
19:40 of 3rd period - Jamie Benn wins face-off versus Connor McDavid in OTTAWA Senators zone.
19:40 of 3rd period - Chris Kreider is hit by J.J. Moser.
19:42 of 3rd period - NEW YORK Rangers, Linus Ullmark is pulled from the net.
Goals for this period are 2 for OTTAWA Senators vs 1 for NEW YORK Rangers.
Shots for this period are 14 for OTTAWA Senators vs 9 for NEW YORK Rangers. Output by the SimonT Hockey Simulator (STHS) for Martin Benoit - Original Page W3C HTML5 Valid
Hockey Simulator - Hockey Simulation - Hockey Manager